 Dungeon Crawl Stone Soup version 0.29.1-1-gd02db6906a (webtiles) character file.

Game seed: 8950784539609691777

3928 Kruiper the Transmogrifier (level 10, -4/44 HPs)
             Began as a Felid Transmuter on Sept 19, 2022.
             Was an Initiate of Gozag.
             Slain by a minotaur
             ... wielding the +6 battleaxe of Expedience {flame, rPois rF- rC++ Int+4}
              (9 damage)
             ... in a Gauntlet on Sept 30, 2022.
             The game lasted 04:04:39 (21382 turns).

Kruiper the Transmogrifier (Felid Transmuter)      Turns: 21382, Time: 04:04:40

Health: -4/44      AC:  2    Str:  6    XL:     10   Next: 1%
Magic:  16/20      EV: 20    Int: 19    God:    Gozag
Gold:   595        SH:  5    Dex: 17    Spells: 1/21 levels left
                                        Lives:  0   Deaths: 2

rFire   + . .      SeeInvis +     - Unarmed
rCold   . . .      Faith    .   (shield unavailable)
rNeg    . . .      Spirit   .   (body armour unavailable)
rPois   +          Reflect  +   (helmet unavailable)
rElec   +          Harm     .   (cloak unavailable)
rCorr   .          Rampage  .   (gloves unavailable)
Will    +....      NoTele   +   (boots unavailable)
Stlth   +++.......              l - amulet "Socsoba" {Reflect rElec rF+ SH+5}
HPRegen 0.14/turn               B - ring of wizardry
MPRegen 0.17/turn               m - ring of poison resistance

@: quick
A: very small, claws 1, fangs 3, see invisible, speed 1, shaggy fur 2, stealthy
paws, no weapons or thrown items, no armour, multi-lived
a: Renounce Religion, Potion Petition, Call Merchant, Bribe Branch


You were in a Gauntlet.
You worshipped Gozag.
Gozag was pleased with you.
You visited 2 branches of the dungeon, and saw 13 of its levels.
You also visited: Gauntlet.

You collected 2334 gold pieces.
You spent 312 gold pieces at shops.
You paid 1427 gold pieces to Gozag.

Inventory:

Jewellery
 c - a ring of positive energy
 l - the amulet "Socsoba" (around neck) {Reflect rElec rF+ SH+5}
   (You acquired it on level 3 of the Dungeon)

   [amulet of reflection]

   It reflects blocked missile attacks.
   rF:        It protects you from fire.
   rElec:     It insulates you from electricity.
   SH:        It affects your SH (+5).
 m - a ring of poison resistance (right paw)
 n - a +4 ring of evasion
 p - a ring of willpower
 B - a ring of wizardry (left paw)
Wands
 r - a wand of iceblast (23)
 t - a wand of mindburst (9)
Scrolls
 d - 5 scrolls of teleportation
 h - 4 scrolls of immolation
 o - 3 scrolls of noise {unknown}
 q - a scroll of poison
 u - a scroll of vulnerability
 v - 4 scrolls of fear
 y - a scroll of blinking
 C - a scroll of identify
 D - 2 scrolls of magic mapping {unknown}
 F - a scroll of enchant weapon {unknown}
Potions
 a - 4 potions of lignification
 b - 2 potions of might
 f - 2 potions of brilliance
 g - a potion of flight
 i - 2 potions of invisibility
 j - 3 potions of berserk rage
 k - a potion of mutation {unknown}
 s - 5 potions of curing
 w - a potion of cancellation {unknown}
 x - 2 potions of heal wounds
 z - 2 potions of haste
 E - a potion of attraction {unknown}
Miscellaneous
 A - a phial of floods


   Skills:
 - Level 5.0 Fighting
 - Level 6.0 Dodging
 - Level 5.0 Stealth
 - Level 7.0 Unarmed Combat
 * Level 6.4 Spellcasting
 - Level 6.0 Conjurations
 - Level 4.0 Hexes
 - Level 8.8 Transmutations
 + Level 1.3 Fire Magic
 - Level 2.0 Ice Magic
 - Level 5.0 Air Magic
 - Level 5.0 Poison Magic


You had one spell level left.
You knew the following spells:

 Your Spells              Type           Power      Damage    Failure   Level
a - Beastly Appendage     Tmut           78%        N/A       1%          1
b - Blade Hands           Tmut           19%        N/A       3%          5
c - Mephitic Cloud        Conj/Pois/Air  26%        N/A       1%          3
e - Ensorcelled Hibernat  Hex/Ice        34%        N/A       1%          2
s - Sticky Flame          Conj/Fire      20%        2d4       10%         4
B - Wereblood             Tmut           39%        N/A       1%          2
S - Spider Form           Tmut/Pois      32%        N/A       1%          3

Your spell library contained the following spells:

 Spells                   Type           Power      Damage    Failure   Level
 Static Discharge         Conj/Air       27%        3-7/arc   1%          2
 Ignite Poison            Fire/Tmut/Pois 25%        N/A       1%          3
 Tukima's Dance           Hex            21%        N/A       2%          3
 Ice Form                 Ice/Tmut       26%        N/A       4%          4
 Gell's Gravitas          Tloc           6%         N/A       13%         3
 Lesser Beckoning         Tloc           6%         N/A       13%         3
 Teleport Other           Tloc           6%         N/A       13%         3
 Anguish                  Hex/Necr       6%         N/A       19%         4
 Freezing Cloud           Conj/Ice/Air   11%        6-21      21%         5
 Dispel Undead            Necr           6%         3d8       38%         4
 Polar Vortex             Ice            6%         N/A       100%        9
 Portal Projectile        Hex/Tloc       Unusable   N/A       N/A         3
 Simulacrum               Ice/Necr       Unusable   N/A       N/A         6

Dungeon Overview and Level Annotations

Branches:
Dungeon (12/15)            Temple (1/1) D:7            Lair (0/5) D:11
    Orc (0/2) D:11        Gauntlet (1/1)

Altars:
Ashenzari
Cheibriados
Dithmenos
Elyvilon
Fedhas
Gozag
Hepliaklqana
Kikubaaqudgha
Makhleb
Nemelex Xobeh
Okawaru
Qazlal
Ru
Sif Muna
Trog
Uskayaw
Vehumet
Wu Jian
Xom
Yredelemnul
Zin
The Shining One

Shops:
D:2 [   D:8 *   D:11 [

Annotations:
D:11 exclusions: efreet and manticore Gauntlet 4 transporters, exclusion: orange crystal statue


Innate Abilities, Weirdness & Mutations

You have sharp claws.
You have razor-sharp teeth.
You have supernaturally acute eyesight. (SInv)
You cover ground quickly. (Speed+)
You are covered in thick fur. (AC +2)
Your paws help you pounce on unaware monsters.
You are incapable of wielding weapons or throwing items.
You cannot wear armour.
You gain extra lives every three experience levels.


Message History

There is a transporter here.
You enter the transporter and appear at another place.
Press: ? - help, v - describe, . - travel, g - get item Item here: a runed cloak.
The floor.
The small abomination fails to trigger a net trap.
The small abomination enters a dispersal trap!
The small abomination blinks!
You blink.
The small abomination blinks!
The thrashing horror enters a dispersal trap!
The small abomination blinks! x2; You blink.
The thrashing horror blinks!
Press: ? - help, v - describe, . - travel, g - get item Item here: a +0 cloak of willpower.
The floor.
There is a cloud of translocational energy here.
Press: ? - help, v - describe, . - travel, g - get item Item here: a runed hand axe.
The floor.
There is a transporter here.
You enter the transporter and appear at another place.
Okay, then.
HP restored.
Press: ? - help, . - travel You can't see that place. [the floor.]
Casting: Blade Hands (quite dangerous; 3% risk of failure)
Confirm with . or Enter, or press ? or * to list all spells.
The spell is quite dangerous to miscast (10% risk of failure)!
Continue anyway?
Aiming: Sticky Flame (quite dangerous; 10% risk of failure)
Press: ? - help, Shift-Dir - straight line, f - minotaur
Aim: a minotaur, wielding the +6 battleaxe of Expedience {flame, rPois rF- rC++ Int+4}, wearing a +0 chain mail, wearing a +6 ring of dexterity and quivering javelins (wandering, hasn't noticed you, 100% to hit)
The sticky flame hits the minotaur but does no damage.
The minotaur bellows!
The minotaur is covered in liquid flames!
The minotaur burns!
The minotaur hits you with the +6 battleaxe of Expedience {flame, rPois rF- rC++ Int+4}!!!
Ouch! That really hurt!
* * * LOW HITPOINT WARNING * * *
The minotaur burns you!
You die...
Your body crumbles into a pile of gold.

##.#.......#.##
#..#.##@##.#..# #.##
#8H8#.##.# #.# #.∩.#..#.# #.#
#8.8##.#.# #.# ######.#.# #.#
#.....#.# #.#########.###
#.............#
#######.#######
#.............#
##...©.©.©...## ######
##..8.8.8..############
#≈#≈#≈####.......####≈#≈#≈#≈#≈
.§§....#≈#########≈#..........
8§........................8...
.......8.....8.....8..........


You could see a minotaur (burning).

Vanquished Creatures
  A boulder beetle (D:8)
  Pikel (D:9)
  An elephant (Gauntlet)
  Maggie (D:10)
  A kobold demonologist (D:9)
  4 trolls
  A hornet (D:6)
  A shadow (D:7)
  5 yaks
  2 wyverns
  A wraith (D:11)
  Eustachio (D:5)
  A steam dragon (D:9)
  Menkaure (D:5)
  A small abomination (Gauntlet)
  2 acid dragons
  Duvessa (D:6)
  6 orc warriors
  4 sky beasts
  2 black bears (D:6)
  4 ogres
  4 centaurs
  Blork the orc (D:6)
  6 kobold brigands
  5 bullfrogs
  4 scorpions
  2 necrophages (D:4)
  10 wights
  Dowan (D:6)
  8 killer bees
  4 howler monkeys
  10 orc priests
  A hound (D:6)
  4 jellies
  A gnoll bouda (D:4)
  Jessica (D:2)
  3 iguanas
  15 orc wizards
  8 gnolls
  11 adders
  A shadow imp (D:7)
  2 worms (D:3)
  5 dart slugs
  43 orcs
  2 bats
  10 endoplasms
  6 giant cockroaches
  9 goblins
  7 hobgoblins
  32 kobolds
  2 quokkas (D:1)
  11 ball pythons
  4 rats
  A spectral kobold (D:2)
276 creatures vanquished.

Vanquished Creatures (others)
  2 killer bees
  A kobold (D:4)
  A fungus (Gauntlet)
  4 plants
8 creatures vanquished.

Grand Total: 284 creatures vanquished

Notes
Turn   | Place    | Note
-------+----------+-------------------------------------------
     0 | D:1      | Kruiper the Felid Transmuter began the quest for the Orb.
     0 | D:1      | Reached XP level 1. HP: 9/9 MP: 4/4
   347 | D:1      | Reached skill level 1 in Stealth
   466 | D:1      | Reached XP level 2. HP: 9/12 MP: 6/6
  1300 | D:1      | Learned a level 2 spell: Wereblood
  1740 | D:2      | Reached XP level 3. HP: 16/16 MP: 7/7
  1880 | D:2      | Found Poibres's Armour Boutique.
  1995 | D:2      | Found a faded altar of an unknown god.
  2256 | D:2      | Reached XP level 4. HP: 4/19 MP: 8/8
  3207 | D:2      | Noticed Jessica
  3211 | D:2      | Killed Jessica
  3476 | D:3      | Identified a scroll of acquirement
  3477 | D:3      | Acquired the amulet "Socsoba" {Reflect rElec rF+ SH+5}
  3503 | D:3      | Found an opulent altar of Gozag.
  3516 | D:3      | Became a worshipper of Gozag Ym Sagoz the Greedy
  4172 | D:3      | Reached XP level 5. HP: 24/24 MP: 7/9
  5151 | D:4      | Noticed a shadow
  5152 | D:4      | Found a shadowy altar of Dithmenos.
  5153 | D:4      | Found a hazy altar of Hepliaklqana.
  5439 | D:4      | Reached skill level 5 in Unarmed Combat
  5439 | D:4      | Gained mutation: You are covered in thick fur. (AC +2)
                  | [Felid growth]
  5439 | D:4      | Reached XP level 6. HP: 28/28 MP: 7/10
  5627 | D:5      | Entered Level 5 of the Dungeon
  5639 | D:5      | Noticed an orc warrior
  5683 | D:4      | Reached skill level 1 in Conjurations
  5683 | D:4      | Reached skill level 1 in Air Magic
  5683 | D:4      | Reached skill level 1 in Poison Magic
  6178 | D:4      | Learned a level 3 spell: Mephitic Cloud
  6344 | D:4      | Reached XP level 7. HP: 27/31 MP: 9/11
  7732 | D:5      | Noticed Menkaure
  7868 | D:5      | Found a snail-covered altar of Cheibriados.
  8240 | D:5      | Reached XP level 8. HP: 34/34 MP: 10/12
  8399 | D:5      | Noticed Eustachio
  8809 | D:5      | Found a hide-covered altar of Uskayaw.
  9009 | D:6      | Noticed a hornet
  9225 | D:6      | Found a shimmering blue altar of Sif Muna.
  9950 | D:6      | Killed a hornet
  9951 | D:6      | Reached skill level 4 in Transmutations
  9972 | D:6      | Noticed Duvessa
  9973 | D:6      | Noticed Dowan
 10077 | D:6      | Reached XP level 9. HP: 38/38 MP: 8/16
 10215 | D:6      | Noticed Blork the orc
 10224 | D:6      | Killed Blork the orc
 10501 | D:6      | Learned a level 2 spell: Ensorcelled Hibernation
 10795 | D:6      | Killed Dowan
 10796 | D:6      | Reached skill level 5 in Stealth
 10855 | D:6      | Killed Duvessa
 10973 | D:7      | Reached skill level 5 in Dodging
 11092 | D:7      | Reached skill level 1 in Ice Magic
 11258 | D:7      | Learned a level 5 spell: Blade Hands
 11521 | D:7      | Reached skill level 5 in Transmutations
 11645 | D:7      | Found a staircase to the Ecumenical Temple.
 11858 | Temple   | Entered the Ecumenical Temple
 12515 | D:8      | Reached skill level 5 in Spellcasting
 12515 | D:8      | Reached skill level 6 in Transmutations
 12546 | D:7      | Reached skill level 7 in Transmutations
 12546 | D:7      | Reached XP level 10. HP: 42/42 MP: 6/18
 13153 | D:7      | Reached skill level 8 in Transmutations
 13736 | D:8      | Found a burning altar of Makhleb.
 14205 | D:9      | Noticed a boulder beetle
 14738 | D:9      | Noticed an orange demon
 15288 | D:9      | Noticed Pikel
 15500 | D:8      | Mangled by a boulder beetle
 15501 | D:8      | Reached XP level 9. HP: -13/38 MP: 9/17
 15510 | D:8      | Learned a level 3 spell: Spider Form
 15580 | D:8      | Killed a boulder beetle
 15581 | D:8      | Reached skill level 5 in Conjurations
 15581 | D:8      | Reached skill level 5 in Poison Magic
 15621 | D:8      | Bought a scroll of vulnerability for 64 gold pieces
 15621 | D:8      | Bought a scroll of blinking for 120 gold pieces
 15621 | D:8      | Bought a potion of invisibility for 128 gold pieces
 15675 | D:9      | Killed a troll
 15676 | D:9      | Reached skill level 5 in Air Magic
 15745 | D:10     | Entered Level 10 of the Dungeon
 15907 | D:9      | Killed Pikel
 15908 | D:9      | Reached XP level 10. HP: 43/43 MP: 7/18
 16704 | D:10     | Reached skill level 5 in Fighting
 16991 | D:10     | Noticed Maggie
 17451 | D:11     | Found Hurusou's Armour Boutique.
 17527 | D:11     | Noticed a manticore
 17820 | D:11     | Found a staircase to the Orcish Mines.
 18792 | D:11     | Found a staircase to the Lair.
 18899 | D:11     | Found a blossoming altar of Fedhas.
 19552 | D:10     | Killed Maggie
 19932 | D:10     | Learned a level 4 spell: Sticky Flame
 20100 | D:5      | Killed Menkaure
 20146 | D:5      | Killed Eustachio
 20588 | D:12     | Found a gate leading to a gauntlet.
 20594 | Gauntlet | Entered a Gauntlet
 20594 | Gauntlet | Found a transporter.
 20602 | Gauntlet | Noticed a dire elephant
 20603 | Gauntlet | Noticed an elephant
 20604 | Gauntlet | Found a transporter.
 20604 | Gauntlet | Noticed an elephant
 20604 | Gauntlet | Noticed an elephant
 20617 | Gauntlet | Found a transporter.
 20650 | Gauntlet | Found a transporter.
 20666 | Gauntlet | Found a transporter.
 20695 | Gauntlet | Killed an elephant
 20696 | Gauntlet | Reached skill level 1 in Fire Magic
 20700 | Gauntlet | Noticed an orange crystal statue
 20700 | Gauntlet | Found a transporter.
 20704 | Gauntlet | Noticed a thrashing horror
 20705 | Gauntlet | Noticed a thrashing horror
 20808 | Gauntlet | Noticed a shining eye
 21024 | Gauntlet | Identified the +6 battleaxe of Expedience {flame, rPois rF-
                  | rC++ Int+4}
 21024 | Gauntlet | Noticed a minotaur
 21036 | Gauntlet | Annihilated by a minotaur
 21037 | Gauntlet | Reached XP level 9. HP: -26/60 MP: 18/19
 21037 | Gauntlet | Found a transporter.
 21046 | Gauntlet | Noticed a necromancer
 21047 | Gauntlet | Noticed a death yak
 21048 | Gauntlet | Noticed a death yak
 21049 | Gauntlet | Found a transporter.
 21051 | Gauntlet | Found a transporter.
 21054 | Gauntlet | Noticed a death yak
 21055 | Gauntlet | Found a transporter.
 21059 | Gauntlet | Found a transporter.
 21059 | Gauntlet | Found a transporter.
 21097 | Gauntlet | Reached XP level 10. HP: 12/44 MP: 15/20
 21382 | Gauntlet | Slain by a minotaur

Illustrated notes

Levels and vault maps discovered:
D:1:      dpeg_arrival_brainrot, layout_basic, serial_corexii_hall,
          corexii_hall_statues_x, corexii_hall_statues_l,
          chequers_hall_statues_y, chequers_hall_statues_y,
          corexii_hall_statues_s, corexii_hall_statues_l, minmay_fountain_box,
          roderic_roman_lattice, minmay_cupped
D:2:      layout_loops_ring, serial_shops,
          nicolae_shop_temple_entry_statues_fountains,
          dreamdust_ecumenical_altar_drowned_temple, serial_forest,
          infiniplex_forest_straight_2, infiniplex_forest_zigzag_2,
          infiniplex_forest_corner_1, infiniplex_forest_corner_1,
          infiniplex_forest_corner_2, infiniplex_forest_corner_2,
          infiniplex_forest_lined_2, infiniplex_forest_straight_4,
          infiniplex_forest_lined_2, minmay_shallow_snake_nest, uniq_jessica
D:3:      layout_basic, grunt_gozag_breadcrumbs
D:4:      layout_cave_pools, riverfiend_overflow_shadow_ancestor
D:5:      layout_gridville, nicolae_uskayaw_murder_on_the_dancefloor,
          general_overflow_altar, uniq_menkaure, uniq_eustachio
D:6:      layout_basic, nicolae_overflow_crystal_walls, uniq_duvessa,
          uniq_blork_the_orc
D:7:      layout_basic, minmay_temple_entry_mini_moons
D:8:      layout_basic, mainiacjoe_overflow_surrounded_room
D:9:      layout_small_grid, grunt_ministairs_5, uniq_pikel
D:10:     layout_irregular_city, serial_glass, glass_columns_a, glass_columns_b,
          kennysheep_generic_room_3, uniq_maggie
D:11:     layout_stronghold, lair_entry_dummy, orc_david_3,
          fedhas_bush_and_centaur_altar
D:12:     layout_irregular_city, gauntlet_entry_generic
Temple:   minmay_freezing_vapour_temple
Gauntlet: minmay_gauntlet_mixed_oops_all_seconds
          [minmay_gauntlet_arena_77_two_lines, nicolae_gauntlet_arena_blocks,
          minmay_gauntlet_arena_77_radiant_squares,
          nicolae_gauntlet_arena_quarters, minmay_gauntlet_arena_77_p_blocks,
          gammafunk_gauntlet_arena_arrow_garden,
          dreamdust_gauntlet_exit_labyrinth]

Skill      XL: |  1  2  3  4  5  6  7  8  9 10 |
---------------+-------------------------------+-----
Stealth        | 1 2 3 4 5 |  5.0
Dodging        | 3 4 6 |  6.0
Fighting       | 2 3 4 5 |  5.0
Unarmed Combat | 4 5 7 |  7.0
Conjurations   | 1 3 4 6 |  6.0
Air Magic      | 2 3 4 5 |  5.0
Poison Magic   | 1 3 4 5 |  5.0
Spellcasting   | 4 5 6 |  6.4
Transmutations | 4 7 8 |  8.8
Hexes          | 4 |  4.0
Ice Magic      | 2 |  2.0
Fire Magic     | 1 |  1.3

Action                   |  1- 3 |  4- 6 |  7- 9 | 10-12 || total
-------------------------+-------+-------+-------+-------++-------
Melee: Unarmed           |   111 |   155 |   338 |   292 ||   896
       Bite              |     8 |    16 |    47 |    42 ||   113
       Punch             |     2 |     9 |    13 |    13 ||    37
       Headbutt          |     4 |    25 |    70 |    29 ||   128
 Cast: Beastly Appendage |    27 |    46 |    79 |    30 ||   182
       Wereblood         |     1 |     3 |     3 |     4 ||    11
       Mephitic Cloud    |       |       |    49 |    63 ||   112
       Ensorcelled Hiber |       |       |    11 |    11 ||    22
       Blade Hands       |       |       |     4 |    29 ||    33
       Spider Form       |       |       |     2 |     2 ||     4
       Sticky Flame      |       |       |       |     2 ||     2
Invok: Potion Petition   |       |       |     1 |     1 ||     2
       Call Merchant     |       |       |     1 |       ||     1
 Abil: End Transformatio |       |       |     1 |     1 ||     2
Evoke: Wand              |       |     6 |       |     1 ||     7
  Use: Scroll            |       |    10 |     5 |     5 ||    20
       Potion            |       |     1 |       |     4 ||     5
 Stab: Sleeping          |     6 |     9 |     9 |     2 ||    26
       Distracted        |       |     2 |     2 |     1 ||     5
       Confused          |       |       |    38 |    37 ||    75
       Invisible         |       |       |     2 |       ||     2
Armor: Skin              |     5 |     2 |     2 |     5 ||    14
Dodge: Dodged            |    79 |    89 |   213 |   193 ||   574
Block: Other             |       |    10 |    53 |    40 ||   103
       Reflection        |       |     1 |       |     3 ||     4
